 Dungeon Crawl Stone Soup version 0.21-a0-225-g207ae17 (webtiles) character file.

2725 Gorglomux the Poker (level 9, -8/57 HPs)
             Began as a Tengu Skald on Aug 29, 2017.
             Was a Believer of Yredelemnul.
             Killed by divine providence
             ... invoked by an orc priest
              (13 damage)
             ... on level 8 of the Dungeon.
             The game lasted 00:12:08 (8768 turns).

Gorglomux the Poker (Tengu Skald)                   Turns: 8768, Time: 00:12:09

Health: -8/57      AC:  7    Str: 21    XL:     9   Next: 67%
Magic:  13/13      EV: 13    Int: 13    God:    Yredelemnul [**....]
Gold:   572        SH:  0    Dex: 13    Spells: 10/12 levels left

rFire    . . .     SeeInvis .   a - +0 spear
rCold    . . .     Gourm    .   (no shield)
rNeg     . . .     Faith    .   E - +0 ring mail
rPois    .         Spirit   .   (helmet restricted)
rElec    .         Reflect  .   N - +0 cloak
rCorr    .         Harm     .   (no gloves)
MR       .....                  (boots unavailable)
Stlth    +.........             (no amulet)
HPRegen  0.19/turn              l - ring of flight
MPRegen  0.13/turn              (no ring)

@: mighty, drained
A: beak, talons 3, able to fly 1
a: Fly, Animate Remains, Recall Undead Slaves, Injury Mirror, Renounce Religion,
Evoke Flight


You were on level 8 of the Dungeon.
You worshipped Yredelemnul.
Yredelemnul was pleased with you.
You were not hungry.

You visited 1 branch of the dungeon, and saw 8 of its levels.
You also visited: Ossuary.

You collected 572 gold pieces.

Inventory:

Hand Weapons
 a - a +0 spear (weapon)
Armour
 E - a +0 ring mail (worn)
 N - a +0 cloak (worn)
Jewellery
 l - a ring of flight (left hand)
Wands
 A - a wand of acid (0/15)
 L - a wand of lightning (0/15)
Scrolls
 x - a scroll of recharging {unknown}
 C - 2 scrolls of vulnerability {unknown}
 G - a scroll of fog {unknown}
 H - a scroll of immolation {unknown}
 I - 2 scrolls of enchant weapon {unknown}
 O - a scroll of noise {unknown}
 R - 2 scrolls of identify
 S - a scroll of remove curse
 T - 3 scrolls of teleportation
Potions
 k - 3 potions of resistance
 p - 3 potions of heal wounds
 B - a potion of mutation {unknown}
 F - a potion of berserk rage {unknown}
 J - a potion of magic {unknown}
 M - 2 potions of brilliance {unknown}
 P - a potion of cancellation
 Q - 7 potions of curing
 U - a potion of haste
 V - a potion of invisibility
 W - 2 potions of agility
 Y - a potion of ambrosia {unknown}
 Z - 2 potions of degeneration {unknown}
Books
 c - a book of Battle

   Spells                             Type                      Level
   a - Infusion                       Charms                       1
   b - Shroud of Golubria             Charms/Translocation         2
   c - Song of Slaying                Charms                       2
   d - Spectral Weapon                Hexes/Charms                 3
   e - Regeneration                   Charms/Necromancy            3
 y - a book of Cantrips

   Spells                             Type                      Level
   a - Confusing Touch                Hexes                        1
   b - Animate Skeleton               Necromancy                   1
   c - Summon Small Mammal            Summoning                    1
   d - Apportation                    Translocation                1
Comestibles
 h - 3 fruits
 z - 3 meat rations
 D - 5 royal jellies
 K - 4 bread rations


   Skills:
 + Level 7.4(6.7) Fighting
 + Level 7.9(7.2) Polearms
 - Level 4.4(3.8) Armour
 - Level 5.2(4.6) Dodging
 - Level 2.0(1.4) Spellcasting
 - Level 2.4(1.8) Charms
 + Level 4.8(4.2) Invocations


You had 10 spell levels left.
You knew the following spells:

 Your Spells              Type           Power        Failure   Level  Hunger
h - Shroud of Golubria    Chrm/Tloc      #.........   41%         2    ###....


Dungeon Overview and Level Annotations

Branches:
Dungeon (8/15)             Temple (0/1) D:7
   Lair: D:8-11

Altars:
Ashenzari
Dithmenos
Kikubaaqudgha
Makhleb
Xom
Yredelemnul
Zin


Innate Abilities, Weirdness & Mutations

You have a beak for a mouth.
You have claws for feet.
You can fly.


Message History

An orc comes into view! It is wielding a whip!
Unknown command!
Butt closely miss something!
Your kick misses something!
Unknown command!
You miss something! You claw something!
Your peck butts something!
Something butts you! * * * don't die
* * * The orc priest barely misses you!
Unknown command!
You stick something like a pincushion!!!
Butt roars: ANNIHILATED!
Reactivating autopickup!
You feel a bit more experienced!
You perforate the orc priest like a sieve!!!
Your kick misses the orc priest!
Your peck butts the orc priest!
The orc priest is almost dead!
The orc priest invokes the aid of Beogh against butt!
Beogh smites you!!! rip Your body rises from the dead as a mindless zombie!

..## o..### #..#..
#..... #.##.#
#.##.# #.##.#
#.##o#####.#
#.o@.......#
#####.###### #.#
#.#
#.#.#######.######.
#.#.......#........
#.#######.#.#######
#.#...............#
#.#.#.###.#######.#
#.#.#.# #.........#


You could see an orc priest and an orc.

Vanquished Creatures
  A hippogriff (D:8)
  A human (D:7)
  4 hogs (D:7)
  A hungry ghost (D:6)
  An ice beast (D:6)
  An orc warrior (D:8)
  6 ogres
  A centaur (D:6)
  2 scorpions
  2 howler monkeys
  2 crimson imps
  A centaur zombie (D:6)
  3 orc wizards
  An orc priest (D:4)
  2 bullfrog skeletons
  2 iguanas
  A centaur skeleton (D:6)
  5 worker ants
  A hound zombie (D:6)
  8 mummies (Ossuary)
  5 adders
  3 oozes
  2 adder skeletons
  2 worms (D:2)
  A dart slug (D:1)
  4 leopard geckos
  8 orcs
  A ball python (D:1)
  7 giant cockroaches
  7 goblins
  2 hobgoblins
  3 jackals (D:3)
  3 quokkas
  5 bats
  2 frilled lizards
  A gnoll zombie (Ossuary)
  4 hobgoblin zombies (Ossuary)
  2 kobolds
  A kobold zombie (Ossuary)
  2 orc zombies (Ossuary)
  9 rats
120 creatures vanquished.

Vanquished Creatures (collateral kills)
  3 wights (D:7)
  A hound (D:4)
  A jelly (D:5)
  2 worker ants
  An adder skeleton (D:4)
  A worm (D:4)
  2 orcs
  A frilled lizard (D:5)
12 creatures vanquished.

Vanquished Creatures (others)
  An orc wizard (D:4)
  An ogre zombie (D:6)
  A worker ant zombie (D:6)
  A howler monkey zombie (D:4)
  A scorpion zombie (D:6)
  An adder skeleton (D:1)
  3 orc zombies (D:5)
  A quokka zombie (D:7)
  A rat (D:1)
11 creatures vanquished.

Grand Total: 143 creatures vanquished

Notes
Turn   | Place    | Note
-------+----------+-------------------------------------------
     0 | D:1      | Gorglomux the Tengu Skald began the quest for the Orb.
     0 | D:1      | Reached XP level 1. HP: 12/12 MP: 4/4
    57 | D:1      | Reached XP level 2. HP: 17/17 MP: 0/6
   388 | D:1      | Learned a level 2 spell: Shroud of Golubria
   631 | D:1      | Reached XP level 3. HP: 16/22 MP: 7/7
  1206 | D:2      | Reached skill level 3 in Dodging
  1470 | D:2      | Reached XP level 4. HP: 27/27 MP: 8/8
  1756 | D:2      | Found a basalt altar of Yredelemnul.
  1756 | D:2      | Found a glowing silver altar of Zin.
  1763 | D:2      | Became a worshipper of Yredelemnul the Dark
  2038 | D:3      | Noticed an ogre
  2063 | D:3      | Killed an ogre
  2063 | D:3      | Reached skill level 3 in Fighting
  2063 | D:3      | Reached skill level 3 in Polearms
  2063 | D:3      | Gained mutation: You can fly. [Tengu growth]
  2063 | D:3      | Reached XP level 5. HP: 9/32 MP: 9/9
  2712 | D:4      | Reached skill level 3 in Armour
  2978 | D:4      | Reached XP level 6. HP: 22/37 MP: 10/10
  3104 | D:4      | Found a sand-covered staircase.
  3125 | Ossuary  | Entered an ossuary
  3158 | Ossuary  | Reached * piety under Yredelemnul
  3957 | D:4      | Reached XP level 7. HP: 40/43 MP: 11/11
  4142 | D:4      | Found a shimmering altar of Xom.
  4842 | D:5      | Entered Level 5 of the Dungeon
  4979 | D:5      | Found a burning altar of Makhleb.
  5776 | D:6      | Reached XP level 8. HP: 32/48 MP: 12/12
  5913 | D:6      | Reached skill level 1 in Invocations
  6125 | D:6      | Found a shadowy altar of Dithmenos.
  6125 | D:6      | Found a shimmering altar of Xom.
  6670 | D:6      | Reached skill level 6 in Polearms
  6686 | D:6      | Found an ancient bone altar of Kikubaaqudgha.
  6900 | D:6      | Reached skill level 6 in Fighting
  6900 | D:6      | Reached skill level 3 in Invocations
  7126 | D:7      | Found a staircase to the Ecumenical Temple.
  7147 | D:7      | Found a shattered altar of Ashenzari.
  7602 | D:7      | Reached XP level 9. HP: 36/55 MP: 13/13
  7611 | D:7      | Reached ** piety under Yredelemnul
  8768 | D:8      | Killed from afar by an orc priest

Vault maps used:
D:1:      tarquinn_simple_flora_water_a, lemuel_old_faithful
D:2:      gammafunk_temple_overflow_elements
D:3:      minmay_misc_feat_more_columns
D:4:      first_bread, nicolae_ossuary_entry_ruins, minmay_ruined_shrine
D:5:      kennysheep_little_box
D:6:      grunt_temple_overflow_open, basic_altar
D:7:      minmay_temple_entry_steel_oval, grunt_livestock,
          nicolae_ashenzari_panopticon
D:8:      nicolae_overflow_hidden_temple, basic_altar, serial_shops,
          shop_fountains
Ossuary:  ossuary_tomb_3

Skill      XL: |  1  2  3  4  5  6  7  8  9 |
---------------+----------------------------+-----
Armour         | 2 3 4 |  4.4
Dodging        | 3 4 5 |  5.2
Fighting       | 3 4 6 7 |  7.4
Polearms       | 3 4 5 6 7 |  7.9
Invocations    | 3 4 |  4.8
Spellcasting   | |  2.0
Charms         | |  2.4

Action                   |  1- 3 |  4- 6 |  7- 9 || total
-------------------------+-------+-------+-------++-------
Melee: Spear             |    97 |   146 |   364 ||   607
       Kick              |    18 |    31 |    83 ||   132
       Peck              |     9 |    21 |    64 ||    94
 Cast: Infusion          |     2 |       |       ||     2
       Shroud of Golubri |       |     1 |       ||     1
Invok: Animate Remains   |       |       |    15 ||    15
 Abil: Fly               |       |     1 |       ||     1
Evoke: Wand              |       |     5 |     3 ||     8
  Use: Scroll            |       |     8 |       ||     8
       Potion            |       |     5 |     3 ||     8
 Stab: Sleeping          |     3 |       |     3 ||     6
       Distracted        |       |       |     1 ||     1
  Eat: Chunk             |     2 |     3 |    11 ||    16
       Bread ration      |       |     1 |       ||     1
       Meat ration       |       |       |     2 ||     2
       Fruit             |       |       |     2 ||     2
       Royal jelly       |       |       |     1 ||     1
Armor: Leather armour    |    15 |    17 |    13 ||    45
       Skin              |       |    12 |       ||    12
       Ring mail         |       |       |    34 ||    34
Dodge: Dodged            |    53 |    58 |   130 ||   241

Table legend:
 A = Spawn XP
 B = Non-spawn XP
 C = Spawn XP percentage of total XP
 D = Spawn monster count
 E = Non-spawn monster count
 F = Spawn count percentage of total count
 G = Total turns spent on level
                    A         B        C        D         E        F      G
               +---------+---------+-------+---------+---------+-------+---------
         Total |     498 |    3396 |  12.8 |      17 |     116 |  12.8 |  8768
               +---------+---------+-------+---------+---------+-------+---------
           D:1 |       5 |      36 |  12.2 |       3 |      19 |  13.6 |   871
           D:2 |       6 |      37 |  14.0 |       2 |      13 |  13.3 |   958
           D:3 |       0 |     141 |   0.0 |       0 |       8 |   0.0 |   857
           D:4 |     197 |     356 |  35.6 |       4 |      17 |  19.0 |  1692
           D:5 |       9 |     235 |   3.7 |       2 |      16 |  11.1 |   922
           D:6 |     262 |     737 |  26.2 |       5 |      10 |  33.3 |  1336
           D:7 |      19 |    1173 |   1.6 |       1 |      11 |   8.3 |  1068
           D:8 |       0 |     531 |   0.0 |       0 |       6 |   0.0 |   600
       Ossuary |       0 |     150 |   0.0 |       0 |      16 |   0.0 |   464
               +---------+---------+-------+---------+---------+-------+---------
